 Dungeon Crawl Stone Soup version 0.20.1-1-g8b1a95d (webtiles) character file.

91935 Jannitor the Severer (level 15, -7/144 HPs)
             Began as a Deep Dwarf Warper on Sept 6, 2017.
             Was a Priest of Elyvilon.
             Killed from afar by an ice dragon (53 damage)
             ... with a blast of cold
             ... on level 15 of the Dungeon on Sept 7, 2017.
             The game lasted 01:20:21 (21156 turns).

Jannitor the Severer (Deep Dwarf Warper)           Turns: 21156, Time: 01:20:22

Health: -7/144     AC: 16    Str: 25      XL:     15   Next: 56%
Magic:  14/16      EV: 13    Int: 20 (21) God:    Elyvilon [***...]
Gold:   1087       SH:  0    Dex: 15      Spells: 10/17 levels left

rFire    + . .     SeeInvis .   v - +5 executioner's axe (chop)
rCold    . . .     Gourm    .   (shield currently unavailable)
rNeg     + + .     Faith    .   T - +4 chain mail {rF+}
rPois    +         Spirit   .   (helmet restricted)
rElec    .         Reflect  .   a - scarf of the Land of Plenty {Dex+3}
rCorr    .         Harm     +   I - +1 pair of gloves of Daffodils {Str+2 Int+5}
MR       ++...                  t - +0 pair of boots
Stlth    ..........             K - amulet of harm
Regen    0.0/turn               u - ring of poison resistance
MPRegen  0.2/turn               l - ring of positive energy

@: non-regenerating
A: damage resistance, heal wounds, horns 1, clever 1, deformed body,
deterioration 1, negative energy resistance 1, sense surroundings 2, screaming
1, strong 1, subdued magic 1, MP-powered wands, no regeneration
a: Heal Wounds, Lesser Healing, Heal Other, Purification, Divine Protection,
Renounce Religion


You were on level 15 of the Dungeon.
You worshipped Elyvilon.
Elyvilon was most pleased with you.
You were very hungry.

You visited 4 branches of the dungeon, and saw 24 of its levels.
You also visited: Ossuary, Bailey and Volcano.

You collected 2138 gold pieces.
You spent 1051 gold pieces at shops.

Inventory:

Hand Weapons
 b - a +1 battleaxe of venom
 h - a +4 battleaxe of freezing
 v - a +5 executioner's axe of chopping (weapon)
 Q - a +1 broad axe of flaming
Missiles
 e - 5 tomahawks of dispersal (quivered)
Armour
 a - the scarf of the Land of Plenty (worn) {Dex+3}
   (You acquired it on level 2 of the Orcish Mines)

   It affects your dexterity (+3).
 g - a +3 plate armour of poison resistance
 t - a +0 pair of boots (worn)
 I - the +1 pair of gloves of Daffodils (worn) {Str+2 Int+5}
   (You acquired it on level 2 of the Lair of Beasts)

   It affects your strength (+2).
   It affects your intelligence (+5).
 T - a +4 chain mail of fire resistance (worn)
Jewellery
 l - a ring of positive energy (right hand)
 u - a ring of poison resistance (left hand)
 A - an uncursed ring of resist corrosion
 K - an amulet of harm (around neck)
 N - an uncursed ring of protection from fire
Wands
 w - a wand of confusion (24/48)
 W - a wand of flame (15/48)
 Z - a wand of iceblast (5/15)
Scrolls
 d - a scroll of blinking
 m - 4 scrolls of teleportation
 n - 17 scrolls of identify
 o - a scroll of fog
 p - 8 scrolls of remove curse
 q - 4 scrolls of amnesia
 s - 3 scrolls of recharging
 E - 2 scrolls of fear
 G - 7 scrolls of immolation
 Y - a scroll of enchant armour
Potions
 j - 6 potions of flight
 x - 7 potions of curing
 z - 3 potions of cancellation
 C - 3 potions of haste
 D - a potion of might
 H - 5 potions of lignification
 O - a potion of mutation
 R - a potion of resistance
Books
 c - a book of Spatial Translocations

   Spells                             Type                      Level
   a - Blink                          Translocation                2
   b - Shroud of Golubria             Charms/Translocation         2
   c - Lesser Beckoning               Translocation                3
   d - Gell's Gravitas                Translocation                3
   e - Teleport Other                 Translocation                3
   f - Passage of Golubria            Translocation                4
 y - a book of Air

   Spells                             Type                      Level
   a - Shock                          Conjuration/Air              1
   b - Swiftness                      Charms/Air                   2
   c - Static Discharge               Conjuration/Air              3
   d - Airstrike                      Air                          4
   e - Lightning Bolt                 Conjuration/Air              5
 B - a book of Beasts

   Spells                             Type                      Level
   a - Summon Butterflies             Summoning                    1
   b - Call Canine Familiar           Summoning                    3
   c - Summon Ice Beast               Ice/Summoning                4
   d - Summon Mana Viper              Hexes/Summoning              5
   e - Summon Hydra                   Summoning                    7
 F - a book of Conjurations

   Spells                             Type                      Level
   a - Magic Dart                     Conjuration                  1
   b - Searing Ray                    Conjuration                  2
   c - Dazzling Spray                 Conjuration/Hexes            3
   d - Fulminant Prism                Conjuration/Hexes            4
   e - Force Lance                    Conjuration/Translocation    4
   f - Iskenderun's Mystic Blast      Conjuration                  4
 M - a book of Callings

   Spells                             Type                      Level
   a - Summon Small Mammal            Summoning                    1
   b - Call Imp                       Summoning                    2
   c - Call Canine Familiar           Summoning                    3
   d - Summon Guardian Golem          Hexes/Summoning              3
   e - Summon Lightning Spire         Summoning/Air                4
   f - Summon Ice Beast               Ice/Summoning                4
 U - a book of Geomancy

   Spells                             Type                      Level
   a - Sandblast                      Earth                        1
   b - Passwall                       Transmutation/Earth          2
   c - Stone Arrow                    Conjuration/Earth            3
   d - Petrify                        Transmutation/Earth          4
   e - Lee's Rapid Deconstruction     Earth                        5
 V - a book of Changes

   Spells                             Type                      Level
   a - Beastly Appendage              Transmutation                1
   b - Sticks to Snakes               Transmutation                2
   c - Spider Form                    Transmutation/Poison         3
   d - Ice Form                       Ice/Transmutation            4
   e - Blade Hands                    Transmutation                5
Miscellaneous
 L - a lamp of fire
 P - a fan of gales
 S - a phial of floods (inert)
Comestibles
 f - 8 bread rations
 i - 6 meat rations
 k - 13 fruits
 r - 21 royal jellies


   Skills:
 + Level 11.7 Fighting
 * Level 17.8 Axes
 - Level 1.6 Throwing
 + Level 13.0 Armour
 - Level 6.7 Dodging
 - Level 1.7 Spellcasting
 - Level 6.4 Translocations
 + Level 14.2 Invocations
 - Level 4.3 Evocations


You had 10 spell levels left.
You knew the following spells:

 Your Spells              Type           Power        Failure   Level  Hunger
a - Blink                 Tloc           N/A          6%          2    ###....
b - Shroud of Golubria    Chrm/Tloc      ##........   24%         2    ###....
c - Teleport Other        Tloc           ###.....     13%         3    ###....


Dungeon Overview and Level Annotations

Branches:
Dungeon (15/15) Temple (1/1) D:6 Lair (6/6) D:9 Spider (0/4) Lair:2 Slime (0/5) Lair:6 Orc (2/2) D:9 Elf (0/3) Orc:2 Vaults (0/5) D:13 D:14 Swamp: Lair:2-4 Shoals: Lair:2-4 Depths: D:15

Altars:
Cheibriados
Dithmenos
Elyvilon
Fedhas
Gozag
Hepliaklqana
Kikubaaqudgha
Makhleb
Okawaru
Qazlal
Ru
Sif Muna
Uskayaw
Vehumet
Xom
Yredelemnul
Zin
Beogh
Jiyva

Shops:
D:11 ![([?   Orc:2 }![!

Annotations:
D:2 1 runed door
D:5 letownia's ghost, amateur OpTm
D:13 Rupert; Urug
Lair:3 Glorg's ghost, journeyman MiMo


Innate Abilities, Weirdness & Mutations

You are resistant to damage.
You can heal yourself by infusing magical energy.
You resist negative energy. (rN+)
You passively map the area around you.
You do not regenerate.
You have a pair of small horns on your head.
Your mind is acute. (Int +2)
Armour fits poorly on your strangely shaped body.
Your body sometimes deteriorates upon taking damage.
You occasionally shout uncontrollably at your foes.
Your muscles are strong. (Str +2)
Your spells are a little easier to cast, but a little less powerful.
You expend magic power (3 MP) to strengthen your wands.


Message History

The blast of cold hits you!
Your body deteriorates!
You feel dopey.
Unknown command.
You are healed.
You are feeling very hungry.
You are healed.
You feel somewhat more hungry.
You slash the ice dragon!
The ice dragon is moderately wounded.
The ice dragon bites you but does no damage.
The ice dragon claws you but does no damage.
The ice dragon closely misses you.
You completely miss the ice dragon.
The ice dragon is moderately wounded.
The ice dragon breathes frost at you. The blast of cold hits you!
You hit the ice dragon.
The ice dragon is moderately wounded.
The ice dragon breathes frost at you. The blast of cold hits you!
You die...

#####....#$.*.$#......#######
#........#$. .$#(.....#
##.......#$. .$#...####
#.......#$.*.$#...#
#.......#..#..#..(#
##......##...##...#
#......###.##....#########
#.......##D#.............#
#........[@#.............##
#......(8..#)..............
#.........##........#####'#
#........##.........#......
#.......##....(.....#......
#......##......(....#......
#...................#......
#...######..........'......
#...# #........).#####..


You could see an ice dragon.

Vanquished Creatures
  The ghost of Ge0ff the Impaler, an adept NaHu of Hepliaklqana (D:15)
  A stone giant (Orc:2)
  Nessos (D:13)
  Josephine (Lair:6)
  Erolcha (D:10)
  Fannar (Lair:2)
  6 hydras
  An ice dragon (D:15)
  6 centaur warriors
  3 death yaks (Lair:6)
  11 two-headed ogres
  The ghost of letownia the Martial Artist, a novice OpTm of Gozag (D:10)
  5 orc high priests
  2 skeletal warriors (Volcano)
  An unseen horror (D:10)
  4 orc knights
  7 orc sorcerers
  7 ugly things
  2 deep elf magi (D:13)
  A manticore (D:13)
  4 cyclopes
  3 black mambas
  7 elephants
  2 centaur skeletons
  4 gargoyles
  13 spiny frogs
  4 rime drakes
  A tengu conjurer (D:13)
  A freezing wraith (D:15)
  6 komodo dragons
  A queen bee (Lair:2)
  11 trolls
  4 polar bears
  A hornet (D:9)
  14 blink frogs
  The ghost of letownia the Insei, an amateur OpTm (D:4)
  5 slime creatures (D:15)
  2 harpy skeletons (Volcano)
  8 hippogriffs
  2 flying skulls (Volcano)
  Sigmund (D:3)
  2 shadows
  32 yaks
  2 wyverns
  An alligator skeleton (Volcano)
  5 wraiths
  A basilisk (Lair:6)
  12 humans
  3 hungry ghosts
  A steam dragon (D:11)
  4 vampire mosquitoes (D:14)
  A warg (Orc:2)
  A soldier ant (D:13)
  10 water moccasins
  9 porcupines
  2 sky beasts
  A black bear (D:6)
  A hornet zombie (Ossuary)
  49 orc warriors
  2 ice beasts
  3 phantoms
  8 wolves (Lair:6)
  12 ogres
  13 centaurs
  9 crocodiles
  3 big kobolds
  18 bullfrogs
  A wyvern zombie (Ossuary)
  A water moccasin zombie (Ossuary)
  A wyvern skeleton (D:7)
  8 scorpions
  38 killer bees
  An electric eel (D:14)
  A vampire bat (Lair:1)
  16 wights
  2 spriggan skeletons (Volcano)
  7 crimson imps
  2 howler monkeys
  A bullfrog zombie (Ossuary)
  4 centaur zombies
  A quasit (D:7)
  4 hounds
  8 jellies
  3 iguanas
  31 orc priests
  A bullfrog skeleton (D:11)
  26 orc wizards
  13 mummies (Ossuary)
  A gnoll shaman (Orc:1)
  Natasha (thrice) (D:2)
  Terence (D:3)
  11 worker ants
  A killer bee zombie (Ossuary)
  3 hound zombies (Ossuary)
  A hound skeleton (D:4)
  2 howler monkey zombies (Ossuary)
  3 worker ant zombies
  6 gnolls
  7 adders
  6 shadow imps
  8 oozes
  An adder skeleton (D:4)
  3 adder zombies (Ossuary)
  4 worms
  4 dart slugs
  5 leopard geckos
  117 orcs
  4 ball pythons
  4 giant cockroaches
  15 hobgoblins
  8 jackals
  11 bats
  2 frilled lizards
  A giant cockroach zombie (Ossuary)
  12 goblins
  A jackal zombie (Ossuary)
  42 kobolds
  A leopard gecko skeleton (D:6)
  A leopard gecko zombie (Ossuary)
  A quokka zombie (Ossuary)
  A rat (D:3)
  3 bushes (D:13)
  4 fungi
  5 plants
836 creatures vanquished.

Vanquished Creatures (collateral kills)
  A centaur skeleton (D:15)
1 creature vanquished.

Vanquished Creatures (others)
  A catoblepas (Lair:6)
  Sonja (D:15)
  2 orc sorcerers
  A flying skull (Volcano)
  A killer bee (Lair:2)
  2 orc priests (Orc:2)
  A gnoll (Orc:1)
  6 orcs (Orc:2)
  7 fungi
  5 plants
  A withered plant (Ossuary)
28 creatures vanquished.

Grand Total: 865 creatures vanquished

Notes
Turn   | Place    | Note
-------+----------+-------------------------------------------
     0 | D:1      | Jannitor the Deep Dwarf Warper began the quest for the Orb.
     0 | D:1      | Reached XP level 1. HP: 19/19 MP: 3/3
    57 | D:1      | Reached skill level 1 in Throwing
   136 | D:1      | Reached XP level 2. HP: 19/26 MP: 4/4
   382 | D:1      | Reached XP level 3. HP: 8/32 MP: 5/5
   722 | D:2      | Learned a level 2 spell: Blink
   725 | D:2      | Learned a level 2 spell: Shroud of Golubria
   760 | D:2      | Noticed Natasha
   783 | D:2      | Killed Natasha
   983 | D:2      | Reached XP level 4. HP: 20/40 MP: 6/6
  1099 | D:2      | Found a runed door.
  1168 | D:2      | Noticed Natasha
  1176 | D:2      | Killed Natasha
  1371 | D:2      | Noticed Natasha
  1375 | D:2      | Killed Natasha
  1375 | D:2      | Reached skill level 3 in Axes
  1522 | D:3      | Reached XP level 5. HP: 26/46 MP: 3/6
  1552 | D:3      | Found a burning altar of Makhleb.
  1737 | D:3      | Noticed Sigmund
  1782 | D:3      | Noticed Terence
  1786 | D:3      | Killed Terence
  1954 | D:3      | Killed Sigmund
  1954 | D:3      | Reached XP level 6. HP: 56/56 MP: 6/6
  2415 | D:4      | Reached skill level 4 in Axes
  2488 | D:4      | Reached XP level 7. HP: 20/62 MP: 7/7
  2577 | D:4      | Noticed letownia's ghost (amateur OpTm)
  2597 | D:4      | Killed letownia's ghost
  2597 | D:4      | Reached skill level 5 in Translocations
  2835 | D:4      | HP: 2/63 [something (9)]
  3161 | D:5      | Entered Level 5 of the Dungeon
  3290 | D:5      | Reached XP level 8. HP: 28/72 MP: 7/7
  3303 | D:5      | You fall through a shaft for 2 floors!
  3348 | D:6      | Found a staircase to the Ecumenical Temple.
  3359 | Temple   | Entered the Ecumenical Temple
  3450 | Temple   | Became a worshipper of Elyvilon the Healer
  3568 | D:6      | Reached skill level 5 in Dodging
  3592 | D:6      | Reached skill level 5 in Armour
  3642 | D:6      | Found a sand-covered staircase.
  3649 | Ossuary  | Entered an ossuary
  3719 | Ossuary  | Reached skill level 5 in Axes
  4123 | Ossuary  | Learned a level 3 spell: Teleport Other
  4235 | Ossuary  | Gained mutation: You are frail. (-10% HP) [potion of mutation]
  4235 | Ossuary  | Lost mutation: You are frail. (-10% HP) [potion of mutation]
  4235 | Ossuary  | Gained mutation: You have a pair of small horns on your head. [potion of mutation]
  4399 | D:5      | Noticed letownia's ghost (amateur OpTm)
  4532 | D:6      | Reached skill level 5 in Fighting
  4532 | D:6      | Reached skill level 6 in Axes
  4532 | D:6      | Gained mutation: You passively map the area around you. [Deep Dwarf growth]
  4532 | D:6      | Reached XP level 9. HP: 49/81 MP: 6/6
  4608 | D:6      | Reached * piety under Elyvilon
  5084 | D:7      | Reached skill level 1 in Invocations
  5545 | D:8      | Got a warped battleaxe
  5546 | D:8      | Identified the cursed +3 battleaxe of Qazlal's Reproof {pain, Dex+2} (You found it on level 8 of the Dungeon)
  5765 | D:8      | Reached skill level 7 in Axes
  5786 | D:8      | You fall through a shaft for 3 floors!
  5862 | D:11     | Noticed a troll
  5873 | D:11     | Killed a troll
  5891 | D:11     | Found Bualiut's Magic Scroll Boutique.
  5899 | D:11     | Bought a scroll of noise for 14 gold pieces
  5899 | D:11     | Bought a scroll of immolation for 49 gold pieces
  5939 | D:11     | Noticed a purple ugly thing
  5967 | D:10     | Entered Level 10 of the Dungeon
  5967 | D:10     | Noticed Erolcha
  5996 | D:10     | Killed Erolcha
  5996 | D:10     | Reached skill level 8 in Axes
  5996 | D:10     | Reached XP level 10. HP: 63/91 MP: 6/8
  6118 | D:10     | Found a shadowy altar of Dithmenos.
  6259 | D:10     | Reached ** piety under Elyvilon
  6273 | D:9      | Found a staircase to the Orcish Mines.
  6276 | D:9      | Reached skill level 1 in Evocations
  6321 | D:9      | Reached skill level 5 in Invocations
  6619 | D:8      | Found a sacrificial altar of Ru.
  6893 | D:8      | Reached skill level 9 in Axes
  7723 | D:9      | Found a staircase to the Lair.
  7892 | D:9      | Found an iron altar of Okawaru.
  7892 | D:9      | Found a blossoming altar of Fedhas.
  8073 | D:9      | Identified a scroll of acquirement
  8365 | D:10     | Gained mutation: You occasionally shout uncontrollably at your foes. [mutagenic meat]
  8366 | D:10     | Gained mutation: You expend magic power (3 MP) to strengthen your wands. [mutagenic meat]
  8367 | D:10     | Gained mutation: Your body sometimes deteriorates upon taking damage. [mutagenic meat]
  8369 | D:10     | Gained mutation: Your mind is acute. (Int +2) [mutagenic meat]
  8445 | D:10     | Reached XP level 11. HP: 81/100 MP: 10/10
  8469 | D:10     | Noticed a two-headed ogre
  8470 | D:10     | Noticed letownia's ghost (novice OpTm)
  8480 | D:10     | Killed an unseen horror
  8480 | D:10     | Reached skill level 10 in Axes
  8575 | Lair:1   | Entered Level 1 of the Lair of Beasts
  8623 | Lair:1   | Found a dark tunnel.
  8656 | Volcano  | Entered a volcano
  8776 | Volcano  | Noticed a skeletal warrior
  8783 | Volcano  | Killed a skeletal warrior
  8805 | Volcano  | Reached skill level 11 in Axes
  8826 | Volcano  | Noticed a skeletal warrior
  8844 | Volcano  | Killed a skeletal warrior
  8905 | Lair:1   | Got a pitted chain mail
  8922 | Lair:1   | Identified the +7 chain mail of Veklaal {Str+6 Int+9 Dex-3 Slay-6} (You found it on level 1 of the Lair of Beasts)
  9711 | Lair:2   | Got a pair of jewelled gloves
  9722 | Lair:2   | Identified the +1 pair of gloves of Daffodils {Str+2 Int+5} (You acquired it on level 2 of the Lair of Beasts)
  9815 | Lair:2   | Found a hole to the Spider Nest.
  9856 | Lair:2   | Noticed a seven-headed hydra
  9877 | Lair:2   | Killed a three-headed hydra
  9877 | Lair:2   | Reached skill level 12 in Axes
  9921 | Lair:2   | Reached XP level 12. HP: 95/112 MP: 4/11
 10060 | Lair:2   | Noticed Fannar
 10068 | Lair:2   | Killed Fannar
 10755 | Lair:2   | Reached skill level 10 in Invocations
 10756 | Lair:2   | Reached skill level 13 in Axes
 11147 | Lair:3   | Noticed Glorg's ghost (journeyman MiMo)
 11392 | Lair:4   | Reached skill level 10 in Armour
 11909 | Lair:4   | Reached XP level 13. HP: 68/121 MP: 13/13
 12023 | Lair:4   | Reached skill level 14 in Axes
 12453 | Lair:5   | Noticed Snorg
 12456 | Lair:5   | Pacified Snorg
 12782 | Lair:5   | Reached *** piety under Elyvilon
 12937 | Lair:6   | Entered Level 6 of the Lair of Beasts
 12958 | Lair:6   | Noticed Josephine
 12969 | Lair:6   | Killed Josephine
 13288 | Lair:6   | Found a staircase to the Slime Pits.
 13289 | Lair:6   | Found a viscous altar of Jiyva.
 13476 | Lair:6   | Reached skill level 10 in Fighting
 13548 | Lair:6   | Reached skill level 15 in Axes
 13950 | Lair:6   | Noticed a dire elephant
 13951 | Lair:6   | Pacified a dire elephant
 14159 | Orc:1    | Entered Level 1 of the Orcish Mines
 14167 | Orc:1    | Noticed Maurice
 14170 | Orc:1    | Pacified Maurice
 14799 | Orc:2    | Entered Level 2 of the Orcish Mines
 14849 | Orc:2    | Gained mutation: You resist negative energy. (rN+) [Deep Dwarf growth]
 14849 | Orc:2    | Reached XP level 14. HP: 89/133 MP: 14/14
 15120 | Orc:2    | Found a roughly hewn altar of Beogh.
 15232 | Orc:2    | Found Ruel Vugh's Distillery.
 15236 | Orc:2    | Bought a potion of might for 48 gold pieces
 15236 | Orc:2    | Bought a potion of heal wounds for 60 gold pieces
 15236 | Orc:2    | Bought a potion of heal wounds for 60 gold pieces
 15236 | Orc:2    | Bought a potion of heal wounds for 60 gold pieces
 15241 | Orc:2    | Got an encrusted scarf
 15247 | Orc:2    | Identified the scarf of the Land of Plenty {Dex+3} (You acquired it on level 2 of the Orcish Mines)
 15258 | Orc:2    | Found Emnuewk's Gadget Shoppe.
 15268 | Orc:2    | Bought a fan of gales for 520 gold pieces
 15470 | Orc:2    | Reached skill level 16 in Axes
 15479 | Orc:2    | Noticed an orc warlord
 15482 | Orc:2    | Pacified an orc warlord
 15758 | Orc:2    | Found a roughly hewn altar of Beogh.
 15786 | Orc:2    | Found Kaammir's Antique Armour Emporium.
 16006 | Orc:2    | Noticed a stone giant
 16016 | Orc:2    | Killed a stone giant
 16078 | Orc:2    | Found a staircase to the Elven Halls.
 16506 | Orc:2    | Found Wopuo's Distillery.
 16810 | D:10     | Killed letownia's ghost
 17222 | D:11     | Found Ruimixkino's Distillery.
 17225 | D:11     | Found Ocarie Tidu's Antique Armour Emporium.
 17244 | D:11     | Bought a glowing scarf for 240 gold pieces
 17316 | D:11     | Found Zyadear's Weapon Emporium.
 17376 | D:11     | Found Lemeqy's Armour Emporium.
 17623 | D:12     | Gained mutation: Your muscles are strong. (Str +2) [mutagenic meat]
 18068 | D:13     | Found a blossoming altar of Fedhas.
 18086 | D:13     | Reached skill level 17 in Axes
 18201 | D:13     | Found a flagged portal.
 18216 | Bailey   | Entered a bailey
 18767 | D:13     | Reached XP level 15. HP: 105/142 MP: 16/16
 19127 | D:13     | Noticed Nessos
 19144 | D:13     | Killed Nessos
 19147 | D:13     | Gained mutation: Your spells are a little easier to cast, but a little less powerful. [mutagenic meat]
 19149 | D:13     | Gained mutation: Armour fits poorly on your strangely shaped body. [mutagenic meat]
 19275 | D:14     | Found a gate to the Vaults.
 19275 | D:14     | Noticed Rupert
 19275 | D:14     | Noticed Urug
 19292 | D:13     | Elyvilon protects you from harm!
 20428 | D:14     | You fall through a shaft!
 20428 | D:15     | Entered Level 15 of the Dungeon
 20489 | D:15     | Noticed Ge0ff's ghost (adept NaHu)
 20523 | D:15     | Killed Ge0ff's ghost
 20569 | D:15     | Noticed Sonja
 20576 | D:15     | Pacified Sonja
 20581 | D:15     | Killed Sonja
 20705 | D:15     | Found an iron altar of Okawaru.
 21156 | D:15     | Killed from afar by an ice dragon

Skill      XL: |  1  2  3  4  5  6  7  8  9 10 11 12 13 14 15 |
---------------+----------------------------------------------+-----
Throwing       | 1 |  1.6
Fighting       | 2 3 4 5 6 7 8 9 10 11 | 11.7
Armour         | 2 3 4 6 7 8 9 10 11 12 13 | 13.0
Dodging        | 3 4 6 |  6.7
Axes           | 3 4 6 8 9 12 13 15 17 | 17.8
Translocations | 4 5 6 |  6.4
Invocations    | 4 6 9 10 12 13 14 | 14.2
Evocations     | 4 |  4.3
Spellcasting   | |  1.7

Action                   |  1- 3 |  4- 6 |  7- 9 | 10-12 | 13-15 || total
-------------------------+-------+-------+-------+-------+-------++-------
Melee: Hand axe          |   135 |   218 |   829 |       |       ||  1182
       Headbutt          |       |       |    60 |   121 |   220 ||   401
       Battleaxe         |       |       |    99 |   645 |   878 ||  1622
       Executioner's axe |       |       |       |    17 |    98 ||   115
       Broad axe         |       |       |       |    11 |    39 ||    50
 Cast: Shroud of Golubri |     2 |     8 |     4 |       |       ||    14
       Blink             |       |       |       |     1 |     8 ||     9
Invok: Lesser Healing    |       |       |    32 |   170 |   260 ||   462
       Heal Other        |       |       |       |     3 |    22 ||    25
       Divine Protection |       |       |       |       |     1 ||     1
 Abil: Heal Wounds       |     3 |     6 |    23 |    11 |    10 ||    53
Evoke: Wand              |       |    15 |    15 |       |     5 ||    35
       Lamp of fire      |       |       |       |       |     1 ||     1
       Phial of floods   |       |       |       |       |     1 ||     1
  Use: Potion            |     3 |     2 |     9 |     3 |     6 ||    23
       Scroll            |       |     1 |     5 |    10 |     9 ||    25
 Stab: Confused          |       |     1 |       |       |     2 ||     3
       Petrified         |       |       |       |       |     6 ||     6
       Petrifying        |       |       |       |       |     1 ||     1
       Invisible         |       |       |       |       |     5 ||     5
  Eat: Chunk             |       |     6 |     5 |    35 |    62 ||   108
       Bread ration      |       |       |     2 |     2 |     4 ||     8
       Meat ration       |       |       |     1 |     2 |       ||     3
       Royal jelly       |       |       |       |       |     4 ||     4
Armor: Leather armour    |    34 |    61 |    15 |       |       ||   110
       Skin              |       |     1 |     3 |       |       ||     4
       Ring mail         |       |       |   269 |   111 |       ||   380
       Chain mail        |       |       |       |   349 |   645 ||   994
Dodge: Dodged            |   125 |   168 |   596 |   643 |   671 ||  2203
